 Dungeon Crawl Stone Soup version 0.23-a0-650-ga4d50d4 (webtiles) character file.

10833 Lanoc the Grappler (level 11, -1/111 HPs)
             Began as a Troll Monk on Jan 3, 2019.
             Slain by a centaur
             ... wielding a +0 halberd
              (12 damage)
             ... in a bailey.
             The game lasted 00:23:00 (6630 turns).

Lanoc the Grappler (Troll Monk)                     Turns: 6630, Time: 00:23:01

Health: -1/111     AC:  7    Str: 28 (29) XL:     11   Next: 41%
Magic:  10/10      EV: 14    Int:  8      God:
Gold:   533        SH:  0    Dex: 13 (15) Spells: 10/10 levels left

rFire    . . .     SeeInvis .     - Unarmed
rCold    . . .     Gourm    +   (no shield)
rNeg     . . .     Faith    .   A - +0 troll leather armour
rPois    +         Spirit   .   (helmet restricted)
rElec    .         Reflect  .   (no cloak)
rCorr    .         Harm     .   (gloves unavailable)
MR       +....                  (boots unavailable)
Stlth    +.........             n - amulet of regeneration
HPRegen  1.48/turn              u - ring of poison resistance
MPRegen  0.12/turn              k - ring "Exao" {MR+ Dex+3}

@: mighty, flying
A: large, unfitting armour, claws 3, clever 1, deterioration 1, fast metabolism
3, gourmand, sense surroundings 1, regeneration 1, shaggy fur 1, tough skin 2,
wild magic 1, evolution 1
a: no special abilities


You were in a bailey.
You were completely stuffed.

You visited 2 branches of the dungeon, and saw 11 of its levels.
You also visited: Ossuary and Bailey.

You collected 533 gold pieces.

Inventory:

Missiles
 g - a javelin of returning (quivered)
Armour
 A - a +0 troll leather armour (worn)
Jewellery
 d - an uncursed ring of positive energy
 k - the ring "Exao" (right claw) {MR+ Dex+3}
   (You found it on level 4 of the Dungeon)

   [ring of dexterity]

   It affects your dexterity (+3).
   It affects your resistance to hostile enchantments.
 n - an amulet of regeneration (around neck)
 u - a ring of poison resistance (left claw)
Wands
 h - a wand of flame (47)
 s - a wand of clouds (3)
 w - a wand of digging (3)
Scrolls
 c - a scroll of teleportation
 e - 2 scrolls of blinking
 f - 4 scrolls of remove curse
 j - 3 scrolls of enchant armour
 l - a scroll of silence {unknown}
 m - a scroll of brand weapon {unknown}
 q - a scroll of enchant weapon
 y - a scroll of identify
Potions
 i - a potion of resistance
 p - 2 potions of lignification
 r - a potion of haste
 v - a potion of curing
Miscellaneous
 x - a fan of gales (inert)
Comestibles
 b - 11 rations


   Skills:
 + Level 8.1 Fighting
 + Level 8.1 Dodging
 - Level 1.0 Stealth
 * Level 12.8 Unarmed Combat


You had 10 spell levels left.
You didn't know any spells.
Your spell library contained the following spells:

 Spells                   Type           Power        Failure   Level  Hunger
 Summon Butterflies       Summ           #.......     52%         1    ##.....
 Summon Small Mammal      Summ           #...         52%         1    ##.....
 Blink                    Tloc           N/A          67%         2    ###....
 Call Imp                 Summ           #.......     67%         2    ###....
 Shroud of Golubria       Chrm/Tloc      #.........   67%         2    ###....
 Call Canine Familiar     Summ           #.......     87%         3    ####...
 Gell's Gravitas          Tloc           #.........   87%         3    ####...
 Lesser Beckoning         Tloc           #.........   87%         3    ####...
 Summon Guardian Golem    Hex/Summ       #.......     87%         3    ####...
 Teleport Other           Tloc           #.......     87%         3    ####...
 Passage of Golubria      Tloc           N/A          99%         4    #####..
 Summon Ice Beast         Ice/Summ       #.......     99%         4    #####..
 Summon Lightning Spire   Summ/Air       #.......     99%         4    #####..
 Summon Mana Viper        Hex/Summ       #.......     100%        5    ######.
 Summon Hydra             Summ           #.........   100%        7    #######


Dungeon Overview and Level Annotations

Branches:
Dungeon (10/15)            Temple (1/1) D:6            Lair (0/6) D:10
    Orc (0/2) D:9

Altars:
Ashenzari
Cheibriados
Elyvilon
Fedhas
Gozag
Hepliaklqana
Kikubaaqudgha
Makhleb
Nemelex Xobeh
Okawaru
Qazlal
Ru
Sif Muna
Trog
Uskayaw
Vehumet
Wu Jian
Xom
Yredelemnul
Zin
The Shining One

Shops:
D:5 %

Annotations:
D:8 1 runed door, azzavlup's ghost, novice DsAK
D:10 1 runed door, George's ghost, journeyman MiFi


Innate Abilities, Weirdness & Mutations

You are too large for most types of armour.
You have claws for hands.
Your metabolism is lightning-fast.
You like to eat raw meat.
Your natural rate of healing is unusually fast.
You are covered in fur. (AC +1)
You have very tough skin. (AC +2)
Your mind is acute. (Int +2)
Your body sometimes deteriorates upon taking damage.
You passively map a small area around you.
Your spells are a little harder to cast, but a little more powerful.
You evolve.


Message History

* * * LOW HITPOINT WARNING * * *
Your body deteriorates!
You feel clumsy. The orc warrior misses you. The centaur closely misses you.
You feel better. The centaur hits you with a +0 halberd!
* * * LOW HITPOINT WARNING * * *
The orc warrior closely misses you. The orc warrior barely misses you.
It was a potion of flight.
You feel very buoyant.
You fly up into the air.
The centaur closely misses you.
The orc warrior hits you from afar with a +0 trident!
* * * LOW HITPOINT WARNING * * *
The orc warrior barely misses you.
It was a potion of magic.
Magic courses through your body. The centaur misses you.
The orc warrior completely misses you. The centaur misses you.
You feel very mighty all of a sudden.
The orc warrior hits you from afar with a +0 halberd.
* * * LOW HITPOINT WARNING * * *
The centaur hits you with a +0 halberd!
You die...

≈ ≈.≈.....≈≈≈.....≈.≈≈≈≈* ≈
≈.≈≈≈.........≈≈≈(≈≈≈≈
≈≈..≈≈≈....)≈≈≈((≈≈≈≈≈
≈≈≈≈.)≈#...#≈((≈≈≈≈≈≈≈
≈≈≈≈≈≈)#.).#(≈≈≈≈≈≈≈≈# *
≈≈≈≈≈≈≈#.)o#≈≈≈≈≈≈≈≈#
*≈≈≈≈≈≈≈#.oo#≈≈≈≈≈≈≈#
#########''c#########
##......)..).@...)...##
##.........)...........##
##....).)⌠#######⌠.......##
#≈.)..#####.....#####....≈#
#≈...##....≈≈≈≈≈....##...≈#
#≈...#.⌠.≈≈≈...≈≈≈.⌠.#...≈#
#≈.).#..≈≈..≈.≈..≈≈..#...≈#
#≈..⌠#.≈≈.≈≈≈.≈≈≈.≈≈.#⌠..≈#
#≈.)##.≈.≈≈...))≈≈.≈.##..≈#


You could see 2 orc warriors, a centaur and an orc.

Vanquished Creatures
  Harold (D:9)
  A centaur warrior (D:8)
  2 two-headed ogres
  Maurice (D:8)
  2 trolls
  A hippogriff (D:8)
  A wraith (D:8)
  9 orc warriors
  A sky beast (D:9)
  2 ice beasts
  2 necrophages
  10 ogres
  7 centaurs
  A crocodile (D:8)
  A big kobold (D:7)
  5 bullfrogs
  6 scorpions
  25 killer bees
  5 wights
  8 crimson imps
  2 centaur zombies
  A human zombie (Ossuary)
  2 jellies
  A hound (D:4)
  3 bullfrog zombies
  7 orc priests
  10 orc wizards
  6 centaur skeletons
  5 iguanas
  7 worker ants
  A killer bee zombie (D:8)
  2 big kobold zombies (Ossuary)
  A hound skeleton (D:8)
  A hound zombie (D:5)
  A howler monkey zombie (D:8)
  5 mummies (Ossuary)
  2 worker ant zombies
  A howler monkey skeleton (D:8)
  6 adders
  3 gnolls (D:7)
  A shadow imp (D:5)
  A worm (D:2)
  A dart slug (D:5)
  3 leopard geckos
  41 orcs
  2 ball pythons
  2 giant cockroaches (D:2)
  7 goblins
  2 hobgoblins (D:2)
  13 jackals
  3 quokkas
  5 bats
  2 frilled lizards
  3 goblin zombies (Ossuary)
  A hobgoblin zombie (Ossuary)
  5 kobolds
  A leopard gecko skeleton (D:5)
  A rat (D:2)
252 creatures vanquished.

Notes
Turn   | Place    | Note
-------+----------+-------------------------------------------
     0 | D:1      | Lanoc the Troll Monk began the quest for the Orb.
     0 | D:1      | Reached XP level 1. HP: 22/22 MP: 0/0
   313 | D:2      | Reached XP level 2. HP: 29/29 MP: 1/1
   770 | D:4      | Noticed a scorpion
   779 | D:4      | Killed a scorpion
   779 | D:4      | Reached skill level 4 in Unarmed Combat
   779 | D:4      | Reached XP level 3. HP: 12/36 MP: 2/2
   779 | D:4      | Reached XP level 4. HP: 14/44 MP: 3/3
   882 | D:4      | Got a warped tin ring
   883 | D:4      | Identified the ring "Exao" {MR+ Dex+3} (You found it on
                  | level 4 of the Dungeon)
   959 | D:4      | Reached XP level 5. HP: 51/53 MP: 4/4
  1073 | D:4      | Reached skill level 5 in Unarmed Combat
  1137 | D:4      | Reached XP level 6. HP: 57/61 MP: 5/5
  1384 | D:5      | Entered Level 5 of the Dungeon
  1409 | D:5      | Noticed an ice beast
  1442 | D:5      | Killed an ice beast
  1583 | D:5      | Reached skill level 6 in Unarmed Combat
  1587 | D:5      | Reached XP level 7. HP: 58/69 MP: 6/6
  1882 | D:5      | Found Isoogur's Food Shop.
  2043 | D:5      | HP: 3/69 [wight/cursed +0 falchion (10)]
  2199 | D:5      | Reached skill level 7 in Unarmed Combat
  2235 | D:5      | Reached XP level 8. HP: 56/78 MP: 7/7
  2622 | D:6      | Reached skill level 5 in Dodging
  2622 | D:6      | Reached skill level 8 in Unarmed Combat
  2626 | D:6      | Reached skill level 5 in Fighting
  2627 | D:6      | Found a burning altar of Makhleb.
  2630 | D:6      | Noticed a balrug
  2744 | D:6      | Found a staircase to the Ecumenical Temple.
  2752 | Temple   | Entered the Ecumenical Temple
  2950 | D:7      | Found a sand-covered staircase.
  3059 | Ossuary  | Entered an ossuary
  3285 | D:7      | Reached XP level 9. HP: 78/87 MP: 8/8
  3289 | D:7      | Reached skill level 9 in Unarmed Combat
  3577 | D:7      | Gained mutation: Your spells are a little harder to cast,
                  | but a little more powerful. [potion of mutation]
  3577 | D:7      | Gained mutation: You passively map a small area around you.
                  | [potion of mutation]
  3577 | D:7      | Gained mutation: Your body sometimes deteriorates upon
                  | taking damage. [potion of mutation]
  3577 | D:7      | Gained mutation: You evolve. [potion of mutation]
  3717 | D:7      | Reached skill level 10 in Unarmed Combat
  3873 | D:7      | Identified the cursed +3 whip of Discord {venom, Int+5}
  4023 | D:7      | Gained mutation: Your mind is acute. (Int +2) [evolution]
  4071 | D:8      | Found a runed door.
  4071 | D:8      | Found a shimmering altar of Xom.
  4071 | D:8      | Noticed a +1 spear of chaos
  4071 | D:8      | Noticed azzavlup's ghost (novice DsAK)
  4316 | D:8      | Noticed Maurice
  4343 | D:8      | Noticed a centaur warrior
  4370 | D:8      | HP: 3/92 [centaur warrior (2)]
  4371 | D:8      | Killed a centaur warrior
  4371 | D:8      | Reached XP level 10. HP: 4/100 MP: 3/9
  4638 | D:8      | Killed Maurice
  4638 | D:8      | Reached skill level 11 in Unarmed Combat
  4662 | D:8      | Noticed a two-headed ogre
  4672 | D:8      | Killed a two-headed ogre
  4784 | D:8      | Identified the cursed +0 halberd of Suaph {speed, rElec
                  | rPois MR+}
  5178 | D:9      | Noticed Harold
  5192 | D:9      | Killed Harold
  5241 | D:9      | Reached skill level 12 in Unarmed Combat
  5313 | D:9      | Found a staircase to the Orcish Mines.
  5536 | D:9      | Reached XP level 11. HP: 80/109 MP: 10/10
  5885 | D:10     | Entered Level 10 of the Dungeon
  5968 | D:10     | Found a runed door.
  5969 | D:10     | Noticed George's ghost (journeyman MiFi)
  6020 | D:10     | Found a flagged portal.
  6021 | D:10     | Noticed a two-headed ogre
  6032 | D:10     | Killed a two-headed ogre
  6078 | Bailey   | Entered a bailey
  6630 | Bailey   | Slain by a centaur

Vault maps used:
D:1:      ebering_hopf_link
D:2:      nicolae_dithmenos_through_a_glass_darkly
D:3:      minmay_door_path, uniq_ijyb
D:4:      first_ration
D:5:      serial_shops, kennysheep_little_box
D:6:      minmay_temple_entry_enclosed_plants, hex_large,
          makhleb_altar_promises_db
D:7:      nicolae_ossuary_entry_ruins
D:8:      minmay_the_grid_square_5x5_3x3, ebering_ghost_xom, uniq_maurice
D:9:      orc_0_dummy, uniq_harold
D:10:     erik_lair_orcish_takeover, gammafunk_ghost_grave, enter_bailey_3,
          serial_shops, nicolae_shop_temple_entry_statues_fountains
Temple:   regret_index_temple_sigil_plot
Ossuary:  ossuary_crypta
Bailey:   bailey_polearm_flooded_kennysheep, bailey

Skill      XL: |  1  2  3  4  5  6  7  8  9 10 11 |
---------------+----------------------------------+-----
Unarmed Combat | 4 5 6 7 8 10 12 | 12.8
Fighting       | 3 4 5 6 7 8 |  8.1
Dodging        | 3 4 5 6 7 8 |  8.1
Stealth        | |  1.0

Action                   |  1- 3 |  4- 6 |  7- 9 | 10-12 || total
-------------------------+-------+-------+-------+-------++-------
Melee: Unarmed           |    53 |    73 |   368 |   254 ||   748
       Punch             |     2 |     2 |    17 |    18 ||    39
Throw: Javelin           |       |       |       |    16 ||    16
Evoke: Wand              |       |       |       |     2 ||     2
       Fan of gales      |       |       |       |     1 ||     1
  Use: Potion            |     1 |       |    16 |     4 ||    21
       Scroll            |       |     5 |    12 |     1 ||    18
 Stab: Sleeping          |     1 |       |     5 |       ||     6
  Eat: Chunk             |    13 |     4 |    25 |    24 ||    66
Armor: Robe              |    17 |    12 |    79 |    18 ||   126
       Skin              |       |       |     1 |       ||     1
       Troll leather arm |       |       |       |    20 ||    20
Dodge: Dodged            |    24 |    36 |   201 |   209 ||   470

Table legend:
 A = Non-vault XP
 B = Vault XP
 C = Vault XP percentage of total XP
 D = Non-vault monster count
 E = Vault monster count
 F = Vault count percentage of total count
                 A         B        C        D         E       F
            +---------+---------+-------+---------+---------+-------
      Total |    9258 |    6219 |  40.2 |     186 |      66 |  26.2
            +---------+---------+-------+---------+---------+-------
        D:1 |      10 |       0 |   0.0 |       7 |       0 |   0.0
        D:2 |      27 |       0 |   0.0 |      12 |       0 |   0.0
        D:3 |       2 |       0 |   0.0 |       1 |       0 |   0.0
        D:4 |     382 |       0 |   0.0 |      14 |       0 |   0.0
        D:5 |     997 |       0 |   0.0 |      26 |       0 |   0.0
        D:6 |     800 |       0 |   0.0 |      17 |       0 |   0.0
        D:7 |    2214 |       0 |   0.0 |      53 |       0 |   0.0
        D:8 |     338 |    3563 |  91.3 |       6 |      19 |  76.0
        D:9 |    2252 |     992 |  30.6 |      33 |       1 |   2.9
       D:10 |    2236 |       7 |   0.3 |      17 |       4 |  19.0
    Ossuary |       0 |     235 | 100.0 |       0 |      13 | 100.0
     Bailey |       0 |    1422 | 100.0 |       0 |      29 | 100.0
            +---------+---------+-------+---------+---------+-------
